 Dungeon Crawl Stone Soup version 0.27.1-3-gb3d3a73c9e (webtiles) character file.

Game seed: 1487629750361302084

166 Descartes the Gusty (level 5, 0/28 HPs)
             Began as a Deep Elf Air Elementalist on Oct 9, 2021.
             Slain by an ogre (28 damage)
             ... on level 3 of the Dungeon.
             The game lasted 00:09:24 (3142 turns).

Descartes the Gusty (Deep Elf Air Elementalist)     Turns: 3142, Time: 00:09:27

Health: 0/28       AC:  2    Str:  5    XL:     5   Next: 22%
Magic:  7/11       EV: 16    Int: 21    God:
Gold:   126        SH:  0    Dex: 15    Spells: 9/10 levels left

rFire    . . .     SeeInvis .   w - +2 whip (venom)
rCold    . . .     Faith    .   (no shield)
rNeg     . . .     Spirit   .   a - +0 robe
rPois    .         Reflect  .   (no helmet)
rElec    .         Harm     .   (no cloak)
rCorr    .         Rampage  .   (no gloves)
Will     .....                  (no boots)
Stlth    ++........             y - amulet of the acrobat
HPRegen  0.09/turn              g - +4 ring of evasion
MPRegen  0.12/turn              (no ring)

@: no status effects
A: no striking features
a: no special abilities


You were on level 3 of the Dungeon.
You visited 1 branch of the dungeon, and saw 4 of its levels.

You collected 126 gold pieces.

Inventory:

Hand Weapons
 e - a +0 dagger
 u - a +2 dagger of electrocution
 w - a +2 whip of venom (weapon)
 x - a +0 hunting sling
Missiles
 b - 18 arrows
 c - 134 stones
 d - 16 poisoned darts
Armour
 a - a +0 robe (worn)
 v - a +0 leather armour
Magical Staves
 p - a staff of poison
Jewellery
 g - a +4 ring of evasion (left hand)
 y - an amulet of the acrobat (around neck)
Wands
 t - a wand of acid (10)
Scrolls
 f - 2 scrolls of blinking {unknown}
 h - a scroll of amnesia {unknown}
 i - a scroll of torment {unknown}
 j - a scroll of enchant weapon {unknown}
 k - a scroll of teleportation {unknown}
 m - 2 scrolls of vulnerability {unknown}
 n - a scroll of silence {unknown}
 o - a scroll of noise {unknown}
 q - 3 scrolls of identify {unknown}
 r - a scroll of magic mapping {unknown}
Potions
 l - a potion of lignification {unknown}
 s - a potion of haste {unknown}


   Skills:
 - Level 2.4 Dodging
 - Level 2.4 Stealth
 - Level 3.0 Spellcasting
 + Level 3.0 Conjurations
 + Level 1.4 Fire Magic
 * Level 4.9 Air Magic
 + Level 0.5 Evocations


You had 9 spell levels left.
You knew the following spells:

 Your Spells              Type           Power      Damage    Failure   Level
a - Shock                 Conj/Air       80%        1d8       2%          1

Your spell library contained the following spells:

 Spells                   Type           Power      Damage    Failure   Level
 Static Discharge         Conj/Air       20%        N/A       3%          2
 Swiftness                Air            24%        N/A       5%          3
 Apportation              Tloc           6%         N/A       13%         1
 Airstrike                Air            12%        N/A       17%         4
 Fireball                 Conj/Fire      6%         3d5       82%         5
 Alistair's Intoxication  Tmut/Pois      2%         N/A       98%         5
 Invisibility             Hex            1%         N/A       100%        6
 Starburst                Conj/Fire      6%         6d4       100%        6
 Ignition                 Fire           4%         3d4       100%        8


Dungeon Overview and Level Annotations

Branches:
Dungeon (4/15)
 Temple: D:4-7

Altars:
Elyvilon


Message History

There is a stone staircase leading down here.
The orc shouts!
Casting: Shock (safe; 2% risk of failure)
Confirm with . or Enter, or press ? or * to list all spells.
Aiming: Shock (safe; 2% risk of failure)
Press: ? - help, Shift-Dir - straight line, f - ogre
Aim: an ogre, wielding a +0 giant club (moderately wounded, 86% to hit)
The zap hits the ogre.
The ogre is heavily wounded.
The zap hits the orc.
The orc is heavily wounded.
The ogre completely misses you.
Casting: Shock (safe; 2% risk of failure)
Confirm with . or Enter, or press ? or * to list all spells.
Aiming: Shock (safe; 2% risk of failure)
Press: ? - help, Shift-Dir - straight line, f/p - ogre
Aim: an ogre, wielding a +0 giant club (moderately wounded, 86% to hit)
The zap misses the ogre.
The zap hits the orc.
The orc is almost dead.
The ogre closely misses you.
Casting: Shock (safe; 2% risk of failure)
Confirm with . or Enter, or press ? or * to list all spells.
Aiming: Shock (safe; 2% risk of failure)
Press: ? - help, Shift-Dir - straight line, f/p - ogre
Aim: an ogre, wielding a +0 giant club (moderately wounded, 86% to hit)
The zap hits the ogre.
The ogre is heavily wounded.
The zap hits the orc.
You kill the orc!
Unknown command.
Casting: Shock (safe; 2% risk of failure)
Confirm with . or Enter, or press ? or * to list all spells.
Aiming: Shock (safe; 2% risk of failure)
Press: ? - help, Shift-Dir - straight line, f/p - ogre
Aim: an ogre, wielding a +0 giant club (heavily wounded, 86% to hit)
The zap hits the ogre.
The ogre is heavily wounded.
The ogre hits you with a +0 giant club!!
Ouch! That really hurt!
You die...

#......####....##.#...#......###
##........b.....##...............
................##............###
...#####.........#.......>....#
.....# #...#####.####.#####.###
.....###...#####.# #....###.# ###
............#....# #........# #..
............#.######........# #.#
^..<............@O.)........###.#
...#########...........#.........
...# #...........###....... ...#
#.............#....... ####
##...................# #####
#######......######## ....#
#......# ....# #......# ....#
#......#


You could see an ogre.

Vanquished Creatures
  A jelly (D:3)
  An orc wizard (D:3)
  3 gnolls
  A worm (D:2)
  3 dart slugs
  7 orcs
  4 bats (D:1)
  4 endoplasms
  9 giant cockroaches
  2 goblins
  2 hobgoblins
  5 jackals (D:3)
  2 quokkas
  6 ball pythons
  2 frilled lizards (D:1)
  8 kobolds
  4 rats
64 creatures vanquished.

Notes
Turn   | Place    | Note
-------+----------+-------------------------------------------
     0 | D:1      | Descartes the Deep Elf Air Elementalist began the quest for
                  | the Orb.
     0 | D:1      | Reached XP level 1. HP: 10/10 MP: 6/6
   172 | D:1      | Reached XP level 2. HP: 15/15 MP: 6/8
   243 | D:1      | Found a faded altar of an unknown god.
   723 | D:1      | Reached XP level 3. HP: 19/19 MP: 6/9
   944 | D:1      | Reached skill level 4 in Air Magic
  1605 | D:2      | Reached XP level 4. HP: 24/24 MP: 7/10
  2167 | D:3      | Reached skill level 1 in Fire Magic
  2319 | D:3      | Found a white marble altar of Elyvilon.
  2354 | D:3      | Reached XP level 5. HP: 21/28 MP: 5/11
  3092 | D:4      | Noticed an ogre
  3142 | D:3      | Slain by an ogre

Illustrated notes

Levels and vault maps discovered:
D:1:      amcnicky_arrival_double_pillar, layout_basic,
          dreamdust_ecumenical_altar_statues, hex_tiny, minmay_misc_feat_encased
D:2:      layout_rooms, minmay_misc_feat_square, kennysheep_generic_room_16
D:3:      layout_basic, nicolae_elyvilon_peaceful_grove
D:4:      cheibrodos_barr_body, layout_cave_pools, kennysheep_generic_room_12

Skill      XL: |  1  2  3  4  5 |
---------------+----------------+-----
Conjurations   | 2 3 |  3.0
Air Magic      | 4 |  4.9
Fire Magic     | 1 |  1.4
Dodging        | |  2.4
Stealth        | |  2.4
Spellcasting   | |  3.0
Evocations     | |  0.5

Action                   |  1- 3 |  4- 6 || total
-------------------------+-------+-------++-------
 Cast: Shock             |    83 |    70 ||   153
Armor: Robe              |       |     2 ||     2
Dodge: Dodged            |       |     8 ||     8
